 Dungeon Crawl Stone Soup version 0.27-a0-823-g0efe349 (webtiles) character file.

Game seed: 384760229868221340

24042 Nithhogg the Severer (level 12, -9/168 HPs)
             Began as a Deep Dwarf Fighter on Mar 29, 2021.
             Was an Elder of Elyvilon.
             Mangled by a cane toad (10 damage)
             ... on level 4 of the Lair of Beasts.
             The game lasted 00:44:18 (10541 turns).

Nithhogg the Severer (Deep Dwarf Fighter)          Turns: 10541, Time: 00:44:19

Health: -9/168     AC: 26    Str: 25    XL:     12   Next: 77%
Magic:  1/1        EV:  2    Int: 13    God:    Elyvilon [****..]
Gold:   414        SH:  0    Dex: 12    Spells: 15/15 levels left

rFire    . . .     SeeInvis .   K - +9 mace of Disintegration {vorpal, Int+4}
rCold    . . .     Faith    +   (no shield)
rNeg     + + +     Spirit   .   (armour currently unavailable)
rPois    +         Reflect  .   (helmet currently unavailable)
rElec    .         Harm     .   (cloak currently unavailable)
rCorr    .         Rampage  .   (gloves currently unavailable)
Will     +....     NoTele   +   (boots currently unavailable)
Stlth    +.........             A - amulet of faith
HPRegen  0.00/turn              r - ring of wizardry
MPRegen  0.07/turn              (no ring)

@: lethally poisoned (-9 -> -9), tree-form, berserk cooldown, non-regenerating,
slowed, very slow
A: stationary, stasis, torment immunity, boosted hp, damage resistance, heal
wounds, sense surroundings 2, no regeneration
a: Heal Wounds, Renounce Religion, Lesser Healing, Heal Other, Purification,
Greater Healing, Divine Protection


You were on level 4 of the Lair of Beasts.
You worshipped Elyvilon.
Elyvilon was greatly pleased with you.
You were a tree.
You visited 3 branches of the dungeon, and saw 15 of its levels.

You collected 693 gold pieces.
You spent 279 gold pieces at shops.

Inventory:

Hand Weapons
 a - a +0 war axe
 n - a +2 vampiric war axe
 q - the +6 great mace "Degaul Winom" {vorpal, Str+2 SInv Stlth+}
   (You acquired it on level 9 of the Dungeon)

   It inflicts extra damage upon your enemies.
   It affects your strength (+2).
   It lets you see invisible.
   It makes you more stealthy.
 t - a +0 war axe of flaming
 B - a +2 scythe of protection
 K - the +9 mace of Disintegration (weapon) {vorpal, Int+4}
   (You found it on level 1 of the Lair of Beasts)

   It inflicts extra damage upon your enemies.
   It affects your intelligence (+4).
Armour
 b - a +0 scale mail
 c - a +0 kite shield
 y - a +2 cloak (melded)
 C - a +3 chain mail of willpower (melded)
 N - a +0 pair of boots
 Q - a scarf of invisibility
Jewellery
 r - a ring of wizardry (left branch)
 A - an amulet of faith (around neck)
 I - an amulet of reflection
Wands
 u - a wand of iceblast (5)
 v - a wand of random effects (15)
 x - a wand of polymorph (15)
 G - a wand of mindburst (4)
 H - a wand of digging (5) (quivered)
 O - a wand of paralysis (2)
Scrolls
 h - a scroll of silence
 m - a scroll of teleportation
 o - a scroll of amnesia
 p - 2 scrolls of identify
 z - 2 scrolls of fog
 D - 2 scrolls of acquirement
 F - 2 scrolls of enchant armour
 L - a scroll of summoning
 P - a scroll of holy word
Potions
 d - a potion of might
 e - 2 potions of lignification
 f - 3 potions of cancellation
 i - 3 potions of brilliance
 k - 2 potions of attraction
 s - 2 potions of degeneration
 w - a potion of ambrosia
 E - 3 potions of haste
 J - a potion of flight
 M - 2 potions of resistance


   Skills:
 + Level 8.6 Fighting
 + Level 15.2 Axes
 + Level 10.2 Armour
 - Level 3.2 Shields
 - Level 2.2 Spellcasting
 * Level 9.2 Invocations
 * Level 9.3 Evocations


You had 15 spell levels left.
You didn't know any spells.
Your spell library contained the following spells:

 Spells                   Type           Power      Damage    Failure   Level
 Animate Skeleton         Necr           2%         N/A       11%         1
 Apportation              Tloc           2%         N/A       11%         1
 Corona                   Hex            1%         N/A       11%         1
 Freeze                   Ice            4%         1d3       11%         1
 Pain                     Necr           4%         1d4       11%         1
 Summon Small Mammal      Summ           4%         N/A       11%         1
 Call Imp                 Summ           1%         N/A       16%         2
 Slow                     Hex            1%         N/A       16%         2
 Call Canine Familiar     Summ           1%         N/A       28%         3
 Frozen Ramparts          Ice            2%         1d2       28%         3
 Inner Flame              Hex/Fire       1%         N/A       28%         3
 Ozocubu's Armour         Ice            1%         N/A       28%         3
 Portal Projectile        Hex/Tloc       2%         N/A       28%         3
 Summon Guardian Golem    Hex/Summ       1%         N/A       28%         3
 Vampiric Draining        Necr           0%         2d6       28%         3
 Animate Dead             Necr           0%         N/A       65%         4
 Cause Fear               Hex            0%         N/A       65%         4
 Hailstorm                Conj/Ice       1%         3d3       65%         4
 Leda's Liquefaction      Hex/Erth       0%         N/A       65%         4
 Summon Ice Beast         Ice/Summ       1%         N/A       65%         4
 Summon Lightning Spire   Summ/Air       1%         N/A       65%         4
 Agony                    Necr           1%         N/A       93%         5
 Irradiate                Conj/Tmut      0%         3d13      93%         5
 Blade Hands              Tmut           0%         N/A       100%        6
 Statue Form              Tmut/Erth      0%         N/A       100%        6
 Dragon Form              Tmut           0%         N/A       100%        7
 Chain Lightning          Conj/Air       0%         N/A       100%        8
 Lehudib's Crystal Spear  Conj/Erth      0%         10d2      100%        8
 Absolute Zero            Ice            0%         ∞         100%        9
 Fire Storm               Conj/Fire      0%         6d1       100%        9


Dungeon Overview and Level Annotations

Branches:
Dungeon (10/15)            Temple (1/1) D:7            Lair (4/6) D:9
  Swamp (0/4) Lair:3       Spider (0/4) Lair:2          Orc (0/2) D:9

Altars:
Ashenzari
Cheibriados
Dithmenos
Elyvilon
Fedhas
Gozag
Hepliaklqana
Kikubaaqudgha
Makhleb
Nemelex Xobeh
Okawaru
Qazlal
Ru
Sif Muna
Trog
Uskayaw
Vehumet
Wu Jian
Xom
Yredelemnul
Zin
The Shining One

Shops:
D:6 [

Annotations:
Lair:3 exclusion: oklob plant


Innate Abilities, Weirdness & Mutations

You are a tree.
Your roots penetrate the ground, keeping you stationary.
You cannot be teleported.
You are immune to unholy pain and torment.
Your maximum health is greatly increased.
Your equipment is partially melded.
You are resistant to damage.
You can heal yourself by infusing magical energy.
You passively map the area around you.
You do not regenerate.


Message History

The cane toad stings you but does no damage.
The wolf bites you but does no damage.
The cane toad stings the plant!!
The plant begins to die.
The wolf bites you but does no damage.
You hear a deafening roar!
You sock the wolf!
You kill the wolf!
The hell rat bites you but does no damage.
The wolf bites you but does no damage. The cane toad completely misses you.
The cane toad stings the plant!
Unknown command.
You are too berserk!
You bludgeon the hell rat!!
You kill the hell rat!
A nearby plant withers and dies.
The wolf bites you but does no damage.
A hell rat comes into view.
The cane toad stings you. Elyvilon protects you from harm!
You are poisoned.
The cane toad poisons you!
You hit the cane toad.
The cane toad is lightly wounded.
The wolf bites you! Elyvilon protects you from harm!
The cane toad stings the plant!
Unknown command.
You sock the cane toad!
The cane toad is moderately wounded.
The wolf bites you.
The cane toad stings you but does no damage.
The cane toad stings the plant!!
You hear an angry hiss.
Unknown command.
You are too berserk!
You bludgeon the cane toad!!
The cane toad is severely wounded.
You are no longer berserk.
You are exhausted.
You feel yourself slow down. The wolf bites you but does no damage.
The hell rat barely misses you. The cane toad stings you!
You die...

,, , .......... ....
........## * .,#P...
#........#* ,.F
#...##........## ,
,..P....#...........
..r.#....#P........ *
, ,
......#...........>
......h#....P......,,,
...P..F♣†...P....#. ,
, *...P..rr†.....#.##
, *
*#..##.###........# *
#* *## ##......... , ,
** ,*##........ *, * ,
##...... ,, , , ,, * ,
, ...... ,,, , .....,
** * , ,,*


You could see 2 cane toads, a wolf and 3 hell rats.

Vanquished Creatures
  A hydra (Lair:3)
  A boulder beetle (Lair:2)
  2 death yaks
  5 elephants (Lair:3)
  A torpor snail (Lair:3)
  4 black mambas
  10 cane toads
  A rime drake (Lair:3)
  6 komodo dragons
  An anaconda simulacrum (Lair:2)
  A kobold demonologist (D:9)
  Grinder (D:5)
  A jumping spider (Lair:2)
  A polar bear (Lair:1)
  Prince Ribbit (D:6)
  3 blink frogs (Lair:1)
  Sigmund (D:6)
  A shadow (D:9)
  18 yaks
  2 wyverns
  3 basilisks
  Eustachio (D:6)
  3 vampire mosquitoes (Lair:3)
  Edmund (D:6)
  Duvessa (D:4)
  9 water moccasins
  3 orc warriors
  A sky beast (D:5)
  2 ice beasts (D:6)
  4 necrophages
  2 ogres (D:6)
  A hornet zombie (D:8)
  A black bear (D:5)
  3 centaurs
  14 wolves
  A phantom (D:5)
  3 kobold brigands (D:9)
  11 bullfrogs
  Blork the orc (D:4)
  Dowan (D:4)
  A cane toad simulacrum (Lair:2)
  A wyvern zombie (D:7)
  A water moccasin skeleton (D:6)
  8 killer bees
  An electric eel (Lair:1)
  4 howler monkeys
  6 centaur zombies
  2 bullfrog zombies
  3 hounds
  An iron imp (D:6)
  2 jellies (D:4)
  6 orc priests
  Crazy Yiuf (D:5)
  A bullfrog skeleton (D:5)
  A centaur skeleton (D:5)
  2 water moccasin simulacra (Lair:2)
  6 iguanas
  Ijyb (D:5)
  Natasha (twice) (D:3)
  Terence (D:2)
  5 orc wizards
  A yak simulacrum (Lair:2)
  A scorpion zombie (D:5)
  3 hell rats
  3 hound skeletons
  2 hound zombies (D:4)
  4 adders
  2 river rats (D:9)
  3 shadow imps
  2 white imps
  An ufetubus (D:6)
  2 adder zombies (D:4)
  A worm (D:2)
  2 dart slugs
  30 orcs
  2 bats
  9 endoplasms
  A giant cockroach (D:4)
  3 goblins
  14 hobgoblins
  7 jackals (D:1)
  3 quokkas
  4 ball pythons
  A frilled lizard (D:1)
  13 kobolds
  7 rats
305 creatures vanquished.

Vanquished Creatures (collateral kills)
  A death yak (D:9)
1 creature vanquished.

Vanquished Creatures (others)
  9 fungi
  17 plants
  A withered plant (D:4)
27 creatures vanquished.

Grand Total: 333 creatures vanquished

Notes
Turn   | Place    | Note
-------+----------+-------------------------------------------
     0 | D:1      | Nithhogg the Deep Dwarf Fighter began the quest for the
                  | Orb.
     0 | D:1      | Reached XP level 1. HP: 20/20 MP: 1/1
    85 | D:1      | Reached XP level 2. HP: 25/27 MP: 2/2
   194 | D:1      | Reached skill level 3 in Axes
   235 | D:1      | Reached XP level 3. HP: 30/34 MP: 3/3
   246 | D:1      | You fall into a shaft and drop 1 floor!
   261 | D:2      | You fall into a shaft and drop 1 floor!
   479 | D:2      | You fall into a shaft and drop 1 floor!
   773 | D:2      | Noticed Terence
   785 | D:2      | Killed Terence
   786 | D:2      | Reached XP level 4. HP: 20/42 MP: 4/4
  1059 | D:2      | Reached skill level 4 in Axes
  1063 | D:2      | You fall into a shaft and drop 2 floors!
  1104 | D:4      | Noticed Blork the orc
  1158 | D:3      | Reached XP level 5. HP: 27/49 MP: 4/4
  1341 | D:3      | Noticed Natasha
  1350 | D:3      | Killed Natasha
  1351 | D:3      | Reached skill level 5 in Axes
  1876 | D:3      | Noticed Natasha
  1892 | D:3      | Killed Natasha
  1893 | D:3      | Reached XP level 6. HP: 51/57 MP: 3/3
  1989 | D:4      | Killed Blork the orc
  2015 | D:4      | Found a glowing silver altar of Zin.
  2016 | D:4      | Noticed an angel
  2059 | D:4      | Noticed Duvessa
  2059 | D:4      | Noticed Dowan
  2066 | D:4      | Killed Duvessa
  2067 | D:4      | Reached skill level 6 in Axes
  2067 | D:4      | Reached skill level 5 in Armour
  2068 | D:4      | Killed Dowan
  2069 | D:4      | Reached XP level 7. HP: 49/64 MP: 3/3
  2218 | D:4      | Found a shimmering blue altar of Sif Muna.
  2415 | D:4      | Reached skill level 7 in Axes
  2472 | D:4      | Found a hide-covered altar of Uskayaw.
  2529 | D:5      | Entered Level 5 of the Dungeon
  2595 | D:5      | Reached skill level 5 in Fighting
  2595 | D:5      | Reached XP level 8. HP: 33/74 MP: 4/4
  2683 | D:5      | Reached skill level 8 in Axes
  2899 | D:5      | Noticed Ijyb
  2904 | D:5      | Killed Ijyb
  2935 | D:5      | Noticed Grinder
  2943 | D:5      | Paralysed by Grinder for 2 turns
  2958 | D:5      | Killed Grinder
  2959 | D:5      | Reached skill level 9 in Axes
  2983 | D:5      | Found a runed translucent door.
  2984 | D:5      | Noticed Crazy Yiuf
  2992 | D:5      | Killed Crazy Yiuf
  3224 | D:6      | Noticed Sigmund
  3240 | D:6      | Killed Sigmund
  3241 | D:6      | Gained mutation: You passively map the area around you.
                  | [Deep Dwarf growth]
  3241 | D:6      | Reached XP level 9. HP: 58/82 MP: 5/5
  3263 | D:6      | Noticed Eustachio
  3267 | D:6      | Noticed Edmund
  3284 | D:6      | Killed Edmund
  3312 | D:6      | Killed Eustachio
  3313 | D:6      | Reached skill level 10 in Axes
  3414 | D:6      | Found Ocit's Armour Shoppe.
  3469 | D:6      | Bought a +2 chain mail of willpower for 279 gold pieces
  3576 | D:6      | Found an opulent altar of Gozag.
  3576 | D:6      | Found a bloodstained altar of Trog.
  3618 | D:6      | Noticed Prince Ribbit
  3631 | D:6      | Killed Prince Ribbit
  3701 | D:6      | Found a snail-covered altar of Cheibriados.
  4083 | D:7      | Reached skill level 11 in Axes
  4214 | D:7      | Reached XP level 10. HP: 92/94 MP: 6/6
  4466 | D:7      | Found a staircase to the Ecumenical Temple.
  4696 | Temple   | Entered the Ecumenical Temple
  4901 | Temple   | Became a worshipper of Elyvilon the Healer
  5045 | D:8      | Reached skill level 1 in Evocations
  5681 | D:9      | Reached * piety under Elyvilon
  5691 | D:9      | Noticed a rust devil
  5693 | D:9      | Noticed a smoke demon
  5744 | D:9      | Reached skill level 12 in Axes
  5847 | D:9      | Noticed a death yak
  5850 | D:9      | Noticed a death yak
  5851 | D:9      | Found a staircase to the Lair.
  5854 | D:9      | Noticed a death yak
  5983 | D:8      | Killed a death yak
  6004 | D:9      | Killed a death yak
  6005 | D:9      | Reached skill level 13 in Axes
  6016 | D:9      | Killed a death yak
  6026 | D:9      | Identified 3 scrolls of acquirement
  6026 | D:9      | Acquired the +6 great mace "Degaul Winom" {vorpal, Str+2
                  | SInv Stlth+}
  6163 | D:9      | Found a staircase to the Orcish Mines.
  6222 | D:9      | Reached ** piety under Elyvilon
  6394 | D:9      | Reached skill level 14 in Axes
  6555 | D:10     | Entered Level 10 of the Dungeon
  6621 | Lair:1   | Entered Level 1 of the Lair of Beasts
  6699 | Lair:1   | Reached XP level 11. HP: 86/100 MP: 6/6
  6754 | Lair:1   | Reached skill level 1 in Invocations
  7173 | Lair:1   | Reached *** piety under Elyvilon
  7179 | Lair:1   | Identified the +9 mace of Disintegration {vorpal, Int+4}
  7639 | Lair:2   | Reached skill level 5 in Evocations
  7645 | Lair:2   | Reached skill level 5 in Invocations
  7835 | Lair:2   | Found a transporter.
  7881 | Lair:2   | Found a transporter.
  8247 | Lair:2   | Noticed a boulder beetle
  8284 | Lair:2   | Killed a boulder beetle
  8394 | Lair:2   | Noticed a lindwurm
  8394 | Lair:2   | Noticed a lindwurm
  8450 | Lair:2   | Found a hole to the Spider Nest.
  8460 | Lair:2   | Reached XP level 12. HP: 56/110 MP: 7/9
  8872 | Lair:3   | Reached **** piety under Elyvilon
  8944 | Lair:3   | Reached skill level 15 in Axes
  9092 | Lair:3   | Noticed a five-headed hydra
  9102 | Lair:3   | Killed a five-headed hydra
  9103 | Lair:3   | Reached skill level 10 in Armour
  9148 | Lair:3   | Reached skill level 1 in Spellcasting
  9273 | Lair:3   | Found a staircase to the Swamp.
 10529 | Lair:4   | HP: 9/252 [wolf (4)]
 10533 | Lair:4   | HP: 2/252 [wolf (6)]
 10538 | Lair:4   | Elyvilon protects you from harm!
 10539 | Lair:4   | Elyvilon protects you from harm!
 10541 | Lair:4   | Mangled by a cane toad

Illustrated notes

Levels and vault maps discovered:
D:1:      amcnicky_arrival_feature_with_door, layout_basic
D:2:      layout_loops_ring, hangedman_decor_riveting, uniq_terence
D:3:      layout_basic, uniq_natasha
D:4:      layout_rooms, general_overflow_altar, marbit_many_paths, zin_angel,
          serial_undead, serial_undead_b, serial_undead_c, serial_undead_f,
          serial_undead_d, serial_undead_d, serial_undead_e, serial_undead_b,
          uniq_duvessa, uniq_blork_the_orc
D:5:      layout_gridville, uniq_crazy_yiuf_cottage, uniq_grinder, uniq_ijyb
D:6:      layout_loops_cross, slow_altar_2, gammafunk_temple_overflow_wave,
          serial_shops, shop, hangedman_decor_points, uniq_eustachio,
          uniq_prince_ribbit1, uniq_sigmund, uniq_edmund
D:7:      layout_loops_ring, lemuel_temple_firewalk_b, grunt_decor_cap
D:8:      layout_basic, minmay_tree_intersection
D:9:      layout_irregular_city, dpeg_lair_monsters, orc_0_dummy
D:10:     minmay_cornered_nines, layout_cave_pools, serial_column_ruins,
          column_ruins_square_medium, column_ruins_circle_medium,
          column_ruins_open_tiny, column_ruins_grid_2, column_ruins_grid_1,
          column_ruins_grid_1, enter_bailey_5, kennysheep_generic_room_10,
          uniq_snorg, uniq_josephine, uniq_fannar
Temple:   eino_temple_rhombus
Lair:1:   layout_regular_city, fungi_pond_lemuel, lemuel_fruit_fields
Lair:2:   gammafunk_cloud_chamber, layout_small_grid, spider_nest_entry_a,
          minmay_lindwurm_lava
Lair:3:   layout_cave_pods, minmay_swamp_entry_swarm, minmay_lair_oklob_items,
          minivault_19, nicolae_quartered_pool_super, grunt_megastairs_1,
          lemuel_fruit_tree
Lair:4:   statuecave_lemuel, layout_misc_corridors

Skill      XL: |  1  2  3  4  5  6  7  8  9 10 11 12 |
---------------+-------------------------------------+-----
Axes           | 3 4 5 6 7 9 11 14 15 | 15.2
Fighting       | 3 4 5 6 7 8 |  8.6
Armour         | 4 5 6 7 8 9 10 | 10.2
Evocations     | 1 6 9 |  9.3
Invocations    | 6 9 |  9.2
Spellcasting   | 2 |  2.2
Shields        | |  3.2

Action                   |  1- 3 |  4- 6 |  7- 9 | 10-12 || total
-------------------------+-------+-------+-------+-------++-------
Melee: War axe           |    89 |   130 |   346 |   124 ||   689
       Unarmed           |       |     5 |       |       ||     5
       Great mace        |       |       |       |   154 ||   154
       Mace              |       |       |       |   426 ||   426
Invok: Lesser Healing    |       |       |       |    74 ||    74
       Greater Healing   |       |       |       |     1 ||     1
 Abil: Heal Wounds       |     1 |    11 |     4 |    67 ||    83
Evoke: Wand              |       |       |     1 |    37 ||    38
  Use: Scroll            |       |     6 |       |    18 ||    24
       Potion            |       |       |     1 |    12 ||    13
 Stab: Paralysed         |       |       |       |     1 ||     1
Armor: Scale mail        |    34 |    50 |   154 |       ||   238
       Skin              |       |     3 |    14 |    56 ||    73
       Chain mail        |       |       |    67 |   644 ||   711
Dodge: Dodged            |    56 |    97 |   191 |   410 ||   754

Table legend: (Time is in decaauts)
 A = Elapsed time spent in this place.
 B = Non-inter-level travel time spent in this place.
 C = Inter-level travel time spent in this place.
 D = Time resting spent in this place.
 E = Time spent auto-exploring this place.
 F = Levels seen in this place.
 G = Mean time per level.
                   A        B        C        D        E       F      G
               +--------+--------+--------+--------+--------+-----+--------+
         Total |  10639 |  10279 |    360 |    548 |   6927 |  15 |  709.3 |
       Dungeon |   6488 |   6240 |    248 |     80 |   4438 |  10 |  648.8 |
        Temple |    217 |    206 |     11 |      0 |    184 |   1 |  217.0 |
          Lair |   3933 |   3832 |    101 |    468 |   2305 |   4 |  983.2 |
               +--------+--------+--------+--------+--------+-----+--------+

Top non-repeatable levels by time:
  Lair:3: 1720 daAuts
  Lair:2: 1080 daAuts
  Lair:1: 1024 daAuts
     D:3: 992 daAuts
     D:7: 818 daAuts
     D:8: 794 daAuts
     D:9: 784 daAuts
     D:6: 736 daAuts
     D:5: 705 daAuts
     D:4: 669 daAuts
     D:2: 579 daAuts
     D:1: 358 daAuts
  Temple: 217 daAuts
  Lair:4: 108 daAuts
    D:10: 48 daAuts
